 Dungeon Crawl Stone Soup version 0.29-a0-344-ge2f44be95a (webtiles) character file.

Game seed: 5575185075930794768

81 zeratav the Conjurer (level 4, -2/27 HPs)
             Began as an Octopode Conjurer on Apr 21, 2022.
             Slain by a hound (3 damage)
             ... on level 4 of the Dungeon.
             The game lasted 00:05:13 (3323 turns).

zeratav the Conjurer (Octopode Conjurer)            Turns: 3323, Time: 00:05:14

Health: -2/27      AC:  1    Str:  6    XL:     4   Next: 42%
Magic:  1/7        EV: 13    Int: 28    God:
Gold:   129        SH:  0    Dex: 10    Spells: 4/7 levels left

rFire   . . .      SeeInvis .   l - +1 spear "Hellblazer" {vorpal, Int+6, polearm}
rCold   . . .      Faith    .   (no shield)
rNeg    . . .      Spirit   .   (helmet restricted)
rPois   .          Reflect  .   (no amulet)
rElec   .          Harm     .   (no ring)
rCorr   .          Rampage  .   (no ring)
Will    .....                   (no ring)
Stlth   +++.......              (no ring)
HPRegen 0.09/turn               (no ring)
MPRegen 0.10/turn               (no ring)
                                (no ring)
                                (no ring)

@: no status effects
A: almost no armour, amphibious, 8 rings, camouflage 1, gelatinous body 1,
(nimble swimmer 1), tentacles
a: no special abilities


You were on level 4 of the Dungeon.
You visited 1 branch of the dungeon, and saw 4 of its levels.

You collected 129 gold pieces.


Innate Abilities, Weirdness & Mutations

You cannot wear most types of armour.
You are amphibious.
You can wear up to eight rings at the same time.
Your skin changes colour to match your surroundings (Stealth+).
Your rubbery body absorbs attacks. (AC +1, EV +1)
((You are camouflaged when in or above water. (Stealth+)))
You have tentacles for arms and can constrict up to eight enemies at once.


   Skills:
 - Level 2.0 Dodging
 - Level 2.6 Stealth
 + Level 2.0 Spellcasting
 * Level 5.7 Conjurations
 + Level 0.3 Translocations


You had 4 spell levels left.
You knew the following spells:

 Your Spells              Type           Power      Damage    Failure   Level
a - Magic Dart            Conj           100%       1d8       1%          1
b - Searing Ray           Conj           68%        2d6       1%          2

Your spell library contained the following spells:

 Spells                   Type           Power      Damage    Failure   Level
 Dazzling Flash           Conj/Hex       36%        N/A       9%          3
 Iskenderun's Mystic Bla  Conj/Tloc      19%        2d6       26%         4
 Fulminant Prism          Conj/Hex       9%         3d7       28%         4

Inventory:

Hand Weapons
 l - the +1 spear "Hellblazer" (weapon) {vorpal, Int+6, polearm}
   (You found it on level 3 of the Dungeon)

   It inflicts extra damage upon your enemies.
   Int:       It affects your intelligence (+6).
Jewellery
 q - a ring of ice
   (You found it on level 3 of the Dungeon)
Scrolls
 b - 3 scrolls of noise {unknown}
 e - 2 scrolls of enchant armour {unknown}
 f - 2 scrolls of fog {unknown}
 g - 2 scrolls of immolation {unknown}
 h - 3 scrolls of identify {unknown}
 i - a scroll of summoning {unknown}
 k - a scroll of teleportation {unknown}
 m - a scroll of fear {unknown}
 n - a scroll of enchant weapon {unknown}
 p - a scroll of silence {unknown}
Potions
 a - a potion of magic
 c - a potion of curing {unknown}
 d - a potion of mutation {unknown}
 j - a potion of haste {unknown}
 o - 2 potions of lignification {unknown}

Dungeon Overview and Level Annotations

Branches:
Dungeon (4/15)
 Temple: D:4-7

Altars:
Elyvilon
Makhleb

Shops:
D:1

[ ## #+# .# #.# .#
#.# .# ##.## .#
####...#### .#
..........#######h#
####...##..)....@.#
##.#############
#.# #.# #.# #.# #.#
#.# #.#


You could see a hound.


Message History

You open the door.
There is an open door here.
You open the door.
There is an open door here.
An endoplasm comes into view.
The magic dart hits the endoplasm!
You kill the endoplasm!
MP[-1]
You lost 1 mp, and now have 6/7 mp.
You can't see any susceptible monsters within range! (Use Z to cast anyway.)
You can't see any susceptible monsters within range! (Use Z to cast anyway.)
You can't see any susceptible monsters within range! (Use Z to cast anyway.)
h - 3 scrolls labelled POPSUL SUNA (gained 1)
You see here a +0 rapier {short}.
A hound comes into view.
MP[+1]
Your mp is fully restored (7).
The magic dart hits the hound.
The hound barks!
MP[-1]
You lost 1 mp, and now have 6/7 mp.
The magic dart hits the hound but does no damage.
The hound bites you. The hound completely misses you.
HP[-2] MP[-1]
You take 2 damage, and now have 25/27 hp.
You lost 1 mp, and now have 5/7 mp.
The magic dart hits the hound.
The hound misses you.
MP[-1]
You lost 1 mp, and now have 4/7 mp.
The magic dart hits the hound.
The hound bites you. x2
HP[-7] MP[-1]
You take 7 damage, and now have 18/27 hp.
MASSIVE DAMAGE!! (PAUSE)
You lost 1 mp, and now have 3/7 mp.
You are too injured to fight recklessly!
You are too injured to fight recklessly!
You are too injured to fight recklessly!
Casting: Magic Dart (safe; 1% risk of failure)
Confirm with . or Enter, or press ? or * to list all spells.
Aiming: Magic Dart (safe; 1% risk of failure)
Press: ? - help, Shift-Dir - straight line, f/p - hound
Aim: a hound (heavily wounded, 100% to hit)
The magic dart hits the hound.
The hound misses you.
MP[-1]
You lost 1 mp, and now have 2/7 mp.
Casting: Magic Dart (safe; 1% risk of failure)
Confirm with . or Enter, or press ? or * to list all spells.
Aiming: Magic Dart (safe; 1% risk of failure)
Press: ? - help, Shift-Dir - straight line, f/p - hound
Aim: a hound (heavily wounded, 100% to hit)
The magic dart hits the hound.
The hound bites you. The hound closely misses you.
HP[-1] MP[-1]
You take 1 damage, and now have 17/27 hp.
You lost 1 mp, and now have 1/7 mp.
Casting: Magic Dart (safe; 1% risk of failure)
Confirm with . or Enter, or press ? or * to list all spells.
Aiming: Magic Dart (safe; 1% risk of failure)
Press: ? - help, Shift-Dir - straight line, f/p - hound
Aim: a hound (severely wounded, 100% to hit)
The magic dart hits the hound.
The hound closely misses you.
MP[-1]
You lost 1 mp, and now have 0/7 mp.
You are too injured to fight recklessly!
Reach: l) +1 spear "Hellblazer" {vorpal, Int+6, polearm}
Press: ? - help, Dir - move target, f/p - hound
Aim: a hound (almost dead, about 52% to evade the +1 spear "Hellblazer")
You barely miss the hound. Your grab misses the hound.
Your squeeze misses the hound. The hound barely misses you.
The hound closely misses you.
Reach: l) +1 spear "Hellblazer" {vorpal, Int+6, polearm}
Press: ? - help, Dir - move target, f/p - hound
Aim: a hound (almost dead, about 52% to evade the +1 spear "Hellblazer")
You miss the hound. Your grab misses the hound. The hound bites you.
* * * LOW HITPOINT WARNING * * *
The hound bites you but does no damage.
HP[-6]
You take 6 damage, and now have 11/27 hp.
MASSIVE DAMAGE!! (PAUSE) Reach: l) +1 spear "Hellblazer" {vorpal, Int+6, polearm}
Press: ? - help, Dir - move target, f/p - hound
Aim: a hound (almost dead, about 52% to evade the +1 spear "Hellblazer")
You hit the hound but do no damage. Your grab misses the hound.
You squeeze the hound, but do no damage.
The hound bites you.
* * * LOW HITPOINT WARNING * * *
HP[-3] MP[+1]
You take 3 damage, and now have 8/27 hp.
You barely miss the hound. Your grab misses the hound.
Your squeeze misses the hound. The hound closely misses you.
The hound barely misses you.
You barely miss the hound. Your grab misses the hound. The hound bites you.
* * * LOW HITPOINT WARNING * * *
HP[-2]
You take 2 damage, and now have 6/27 hp.
You miss the hound. Your grab misses the hound. Your squeeze misses the hound.
The hound bites you.
* * * LOW HITPOINT WARNING * * *
The hound bites you.
You die...

Skill      XL: |  1  2  3 |
---------------+----------+-----
Conjurations   | 5 |  5.7
Dodging        | |  2.0
Stealth        | |  2.6
Spellcasting   | |  2.0
Translocations | |  0.3

Action                   |  1- 3 |  4- 6 || total
-------------------------+-------+-------++-------
Melee: Unarmed           |    11 |       ||    11
       Tentacles         |     7 |     1 ||     8
       Constrict         |     8 |       ||     8
       Dagger            |     9 |       ||     9
       Spear             |       |     6 ||     6
 Cast: Magic Dart        |    65 |    39 ||   104
Armor: Skin              |     3 |     1 ||     4
Dodge: Dodged            |    27 |     9 ||    36

Levels and vault maps discovered:
D:1:      eino_arrival_tree_alley, layout_rooms, serial_shops,
          nicolae_shop_behind_doors,
          hellmonk_ecumenical_altar_pennies_from_heaven, minmay_pentomino_u4
D:2:      layout_basic, basic_altar
D:3:      layout_basic, lightli_temple_of_fire, serial_bayou_pond_e
D:4:      layout_loops_corners

Notes
Turn   | Place    | Note
-------+----------+-------------------------------------------
     0 | D:1      | zeratav the Octopode Conjurer began the quest for the Orb.
     0 | D:1      | Reached XP level 1. HP: 11/11 MP: 3/3
     0 | D:1      | magus.rc [v1.9.6]
   173 | D:1      | Reached XP level 2. HP: 17/17 MP: 0/5
   341 | D:1      | Found a faded altar of an unknown god.
   552 | D:1      | Found Eckeuptus's Antique Armour Emporium.
   652 | D:1      | Reached XP level 3. HP: 20/21 MP: 1/6
   850 | D:1      | Reached skill level 5 in Conjurations
   988 | D:2      | Found a white marble altar of Elyvilon.
  1726 | D:3      | HP: 4/21 [adder (3)]
  1969 | D:2      | Learned a level 2 spell: Searing Ray
  1977 | D:3      | Reached XP level 4. HP: 27/27 MP: 5/7
  2126 | D:3      | Identified the +1 spear "Hellblazer" {vorpal, Int+6}
  2874 | D:3      | Found a burning altar of Makhleb.
  3110 | D:4      | Noticed a black bear
  3110 | D:4      | Noticed a scorpion
  3322 | D:4      | HP: 6/27 [hound (2)]
  3323 | D:4      | HP: 1/27 [hound (5)]
  3323 | D:4      | Slain by a hound

Vanquished Creatures
  2 adders (D:3)
  A worm (D:3)
  A dart slug (D:1)
  4 endoplasms
  4 giant cockroaches
  5 goblins
  8 hobgoblins
  5 kobolds
  4 quokkas
  6 ball pythons
  3 bats
  5 frilled lizards
  7 rats
55 creatures vanquished.

Table legend:
 A = Non-vault XP
 B = Vault XP
 C = Vault XP percentage of total XP
 D = Non-vault monster count
 E = Vault monster count
 F = Vault count percentage of total count
                 A         B        C        D         E       F
            +---------+---------+-------+---------+---------+-------
      Total |     112 |       5 |   4.3 |      52 |       3 |   5.5
            +---------+---------+-------+---------+---------+-------
        D:1 |      36 |       5 |  12.2 |      22 |       3 |  12.0
        D:2 |      12 |       0 |   0.0 |       8 |       0 |   0.0
        D:3 |      62 |       0 |   0.0 |      21 |       0 |   0.0
        D:4 |       2 |       0 |   0.0 |       1 |       0 |   0.0
            +---------+---------+-------+---------+---------+-------

Illustrated notes

Table legend:
 A = Kills in this place as a percentage of kills in entire the game.
 B = Kills by you in this place as a percentage of kills by you in the entire game.
 C = Kills by friends in this place as a percentage of kills by friends in the entire game.
 D = Other kills in this place as a percentage of other kills in the entire game.
 E = Experience gained in this place as a percentage of experience gained in the entire game.
 F = Experience gained in this place divided by the number of levels of this place that you have seen.
                   A       B       C       D       E      F
               +-------+-------+-------+-------+-------+----------------------
         Total | 100.0 | 100.0 |   N/A |   N/A | 100.0 |  29.2
       Dungeon | 100.0 | 100.0 |   N/A |   N/A | 100.0 |  29.2
               +-------+-------+-------+-------+-------+----------------------

Table legend: (Time is in decaauts)
 A = Elapsed time spent in this place.
 B = Non-inter-level travel time spent in this place.
 C = Inter-level travel time spent in this place.
 D = Time resting spent in this place.
 E = Time spent auto-exploring this place.
 F = Levels seen in this place.
 G = Mean time per level.
                   A        B        C        D        E       F      G
               +--------+--------+--------+--------+--------+-----+--------+
         Total |   3323 |   3150 |    173 |    252 |   2537 |   4 |  830.8 |
       Dungeon |   3323 |   3150 |    173 |    252 |   2537 |   4 |  830.8 |
               +--------+--------+--------+--------+--------+-----+--------+

Top non-repeatable levels by time:
     D:3: 1190 daAuts
     D:2: 994 daAuts
     D:1: 960 daAuts
     D:4: 178 daAuts
